 Dungeon Crawl Stone Soup version 0.32-a0-612-g1c984fe9d1 (webtiles) character file.

Game seed: 3758718773354635389

294 jlumianski the Chopper (level 6, -2/47 HPs)
             Began as a Coglin Gladiator on Mar 5, 2024.
             Slain by an ogre
             ... wielding a +0 giant club
              (25 damage)
             ... on level 5 of the Dungeon.
             The game lasted 00:18:35 (2888 turns).

jlumianski the Chopper (Coglin Gladiator)           Turns: 2888, Time: 00:18:36

Health: -2/47      AC:  7    Str: 16    XL:     6   Next: 34%
Magic:  6/6        EV: 12    Int:  8    God:
Gold:   54         SH:  0    Dex: 15    Spells: 5/5 levels left

rFire   . . .        a - +0 war axe {Cedro}
rCold   . . .        f - +0 dagger {Marisol}
rNeg    . . .        j - +0 ring mail
rPois   .            c - +0 helmet
rElec   .            (no cloak)
rCorr   .            v - +0 pair of gloves
SInv    .            (no boots)
Will    .....        (amulet unavailable)
Stlth   +            (ring unavailable)
HPRegen 0.27/turn    (ring unavailable)
MPRegen 0.10/turn    (no gizmo)

%: no passive effects
@: revved
A: off-hand wielding, slow wielding, warmup strikes, no jewellery
a: Invent Gizmo


You were on level 5 of the Dungeon.
You visited 1 branch of the dungeon, and saw 5 of its levels.

You collected 192 gold pieces.
You spent 138 gold pieces at shops.

Inventory:

Hand Weapons
 a - a +0 war axe (weapon) {Cedro}
 f - a +0 dagger (offhand) {Marisol}
 u - a +3 mace of draining
Missiles
 d - 3 throwing nets
 e - a javelin
Armour
 b - a +0 leather armour
 c - a +0 helmet (worn)
 i - a +0 tower shield
 j - a +0 ring mail (worn)
 v - a +0 pair of gloves (worn)
Talismans
 q - a beast talisman
Scrolls
 g - 2 scrolls of teleportation
 m - a scroll of enchant weapon {unknown}
 o - a scroll of revelation
 s - a scroll of amnesia {unknown}
 t - a scroll of noise {unknown}
Potions
 k - a potion of brilliance
 n - a potion of curing


   Skills:
 * Level 3.5 Fighting
 + Level 1.0 Short Blades
 + Level 4.7 Axes
 + Level 2.0 Throwing
 + Level 1.8 Armour
 + Level 3.4 Dodging
 + Level 0.1 Stealth


You had 5 spell levels left.
You didn't know any spells.
Your spell library contained the following spells:

 Spells                   Type           Power      Damage    Failure   Level
 Foxfire                  Conj/Fire      0%         2x1d4     63%         1
 Blink                    Tloc           0%         N/A       77%         2
 Lesser Beckoning         Tloc           0%         N/A       77%         2
 Momentum Strike          Conj/Tloc      0%         3d8       77%         2
 Plasma Beam              Fire/Air       0%         2x1d10    100%        6
 Starburst                Conj/Fire      0%         6d3       100%        6


Dungeon Overview and Level Annotations

Branches:
Dungeon (5/15)
 Temple: D:4-7

Altars:
The Shining One

Shops:
D:4 ?


Innate Abilities, Weirdness & Mutations

You can wield a second weapon in your off-hand.
It takes a long time for you to wield or remove held weapons.
Your first few attacks do less damage.
You cannot equip rings or amulets.


Message History

The adder attacks as it pursues you! The adder bites you but does no damage.
You feel sick.
You hit the adder with your +0 dagger.
The adder is lightly wounded.
You hit the adder with your +0 war axe.
You feel sick.
The adder bites you but does no damage. x2
You barely miss the adder with your +0 war axe.
The adder is moderately wounded.
You miss the adder with your +0 dagger.
You feel sick. The adder bites you.
You closely miss the adder with your +0 dagger.
The adder is moderately wounded.
You completely miss the adder with your +0 war axe.
You feel sick. The adder barely misses you.
An ogre breaks down the door.
You hit the adder but do no damage.
The adder is moderately wounded.
You hit the adder but do no damage.
You feel sick. The adder bites you but does no damage. The adder misses you.
You barely miss the adder with your +0 war axe.
The adder is moderately wounded.
You barely miss the ogre with your +0 war axe.
You hit the adder with your +0 dagger.
You feel sick. The adder barely misses you.
The ogre hits you with a +0 giant club!
* * * LOW HITPOINT WARNING * * *
The adder barely misses you.
You are confused.
You feel invigorated.
You feel sick. The adder bites you but does no damage.
The ogre closely misses you.
You bump into the rock wall.
You feel sick.
You are no longer poisoned.
The adder barely misses you.
You barely miss the adder with your +0 war axe.
The adder is heavily wounded.
You hit the ogre but do no damage.
You barely miss the adder with your +0 dagger.
You feel less invigorated.
You feel less confused. The adder misses you.
The ogre hits you with a +0 giant club!!
Ouch! That really hurt!
You die...

.# *##.#### .#
##......# .#
#####..#**#.#
.####.....#* #.#
......#...#####.##
.#.####..........#
.#.# ##...###...#
...#***#...#,#...#
#...,#...###,###@#
###....#.#.....OS#
*##....###.###.#
##.....*∩#...###
##....###.....#
*#...........#
##<.........#
#..........#
#.(........#


You could see an ogre and an adder.

Vanquished Creatures
  2 scorpions (D:4)
  A hound (D:4)
  An orc wizard (D:3)
  An iguana (D:5)
  2 adders
  2 ribbon worms (D:3)
  4 orcs (D:3)
  6 ball pythons (D:1)
  6 endoplasms
  7 giant cockroaches
  8 goblins
  5 hobgoblins
  2 jackals (D:1)
  2 quokkas
  5 bats
  A frilled lizard (D:1)
  7 kobolds
  4 rats
66 creatures vanquished.

Notes
Turn   | Place    | Note
-------+----------+-------------------------------------------
     0 | D:1      | jlumianski the Coglin Gladiator began the quest for the
                  | Orb.
     0 | D:1      | Reached XP level 1. HP: 16/16 MP: 1/1
   115 | D:1      | Reached XP level 2. HP: 22/22 MP: 2/2
   541 | D:1      | Reached XP level 3. HP: 27/27 MP: 3/3
  1355 | D:3      | Reached XP level 4. HP: 28/34 MP: 4/4
  1415 | D:3      | Reached skill level 4 in Axes
  1578 | D:4      | Noticed a scorpion
  2496 | D:4      | Noticed a scorpion
  2510 | D:4      | Killed a scorpion
  2511 | D:4      | Reached skill level 1 in Armour
  2511 | D:4      | Reached XP level 5. HP: 31/41 MP: 5/5
  2531 | D:4      | HP: 2/41 [gnoll/+0 whip[a gnoll sergeant] (2)]
  2587 | D:4      | Reached XP level 6. HP: 19/47 MP: 6/6
  2702 | D:4      | Found Juth's Magic Scroll Boutique.
  2710 | D:4      | Reached skill level 1 in Short Blades
  2729 | D:4      | Bought a scroll of revelation for 90 gold pieces
  2729 | D:4      | Bought a scroll of identify for 24 gold pieces
  2729 | D:4      | Bought a scroll of identify for 24 gold pieces
  2756 | D:5      | Entered Level 5 of the Dungeon
  2838 | D:5      | Found a glowing golden altar of the Shining One.
  2888 | D:5      | Slain by an ogre

Illustrated notes

Levels and vault maps discovered:
D:1:      lemuel_arrival_cross, layout_basic, chequers_big_river,
          minmay_misc_feat_room
D:2:      layout_basic
D:3:      layout_basic
D:4:      layout_basic, serial_shops, shop, roderic_three_in_a_row,
          minivault_14, nicolae_grassy_gnolls
D:5:      layout_rooms, old_standard_altar, mainiacjoe_overflow_two_lobes,
          nicolae_ossuary_entry_plus

Skill      XL: |  1  2  3  4  5  6 |
---------------+-------------------+-----
Dodging        | 3 |  3.4
Axes           | 4 |  4.7
Fighting       | 3 |  3.5
Armour         | 1 |  1.8
Short Blades   | 1 |  1.0
Throwing       | 2 |  2.0
Stealth        | |  0.1

Action                     |  1- 3 |  4- 6 || total
---------------------------+-------+-------++-------
  Melee: War axe           |    78 |    79 ||   157
         Dagger            |    67 |    73 ||   140
  Throw: Dart              |       |     4 ||     4
    Use: Scroll            |       |     6 ||     6
         Potion            |       |     2 ||     2
 Armour: Leather armour    |     5 |       ||     5
         Ring mail         |    46 |    69 ||   115
  Dodge: Dodged            |    58 |    47 ||   105

Table legend: (Time is in decaauts)
 A = Elapsed time spent in this place.
 B = Non-inter-level travel time spent in this place.
 C = Inter-level travel time spent in this place.
 D = Time resting spent in this place.
 E = Time spent auto-exploring this place.
 F = Levels seen in this place.
 G = Mean time per level.
                   A        B        C        D        E       F      G
               +--------+--------+--------+--------+--------+-----+--------+
         Total |   2926 |   2926 |      0 |    254 |   1348 |   5 |  585.2 |
       Dungeon |   2926 |   2926 |      0 |    254 |   1348 |   5 |  585.2 |
               +--------+--------+--------+--------+--------+-----+--------+

Top non-repeatable levels by time:
     D:3: 1147 daAuts
     D:1: 1006 daAuts
     D:4: 321 daAuts
     D:2: 318 daAuts
     D:5: 133 daAuts
